[Event "Titled Tuesday Blitz July 6 2021"]
[White "Abrashkin, Boris"]
[Black "Svane, Rasmus"]
[WhiteFideId "4120582"]
[BlackFideId "4657101"]
[WhiteElo "2596"]
[BlackElo "2669"]
[Result "0-1"]
[Round "05"]
[TimeControl "180+1"]
[Date "2021.07.06"]
[WhiteClock "0:00:02"]
[BlackClock "0:00:10"]

1. d4 d5 2. c4 e6 3. Nc3 a6 4. cxd5 exd5 5. Qb3 Bd6 6. Qxd5 Nf6 7. Qb3 c5 8. d5 O-O 9. Nf3 b5 10. Bg5 Re8 11. e3 Bg4 12. Be2 Nbd7 13. O-O Qc7 14. h3 Bh5 15. Rad1 h6 16. Bxf6 Nxf6 17. Nh4 Bxe2 18. Nxe2 Rad8 19. Nc3 Bh2+ 20. Kh1 Be5 21. Nf5 g6 22. d6 Qd7 23. Ne7+ Kh7 24. Ncd5 Qxd6 25. Nxf6+ Qxf6 26. Nd5 Qg7 27. Qc2 c4 28. b3 c3 29. b4 Kh8 30. e4 Bd4 31. Qb3 Rc8 32. f3 Rc4 33. Rc1 Rec8 34. Rc2 Qe5 35. Rd1 Kg7 36. Qb1 Qg3 37. a3 Be5 38. f4 Bxf4 39. Nxf4 Qxf4 40. Rf1 Qxe4 41. Rxf7+ Kxf7 42. Rf2+ Kg7 0-1


[Site "https://www.chess.com"]

[Event "Titled Tuesday Blitz July 6 2021"]
[White "Afanasiev, Nikita"]
[Black "Nakamura, Hikaru"]
[WhiteFideId "24183555"]
[BlackFideId "2016192"]
[WhiteElo "2521"]
[BlackElo "2900"]
[Result "0-1"]
[Round "05"]
[TimeControl "180+1"]
[Date "2021.07.06"]
[WhiteClock "0:00:02"]
[BlackClock "0:00:12"]

1. Nf3 d5 2. g3 g6 3. Bg2 Bg7 4. d4 Nd7 5. O-O Ngf6 6. c3 O-O 7. Nbd2 c5 8. Re1 b6 9. Ne5 Bb7 10. Ndc4 Qc8 11. Nxd7 Nxd7 12. Na3 Rd8 13. Bg5 f6 14. Be3 e6 15. Qd2 Nf8 16. Bh6 Bh8 17. Rad1 Qc7 18. Qf4 Qf7 19. Bxf8 Rxf8 20. e4 cxd4 21. cxd4 Rad8 22. Nb5 g5 23. Qe3 a6 24. Nc3 Rfe8 25. exd5 exd5 26. Qf3 Rxe1+ 27. Rxe1 f5 28. Qd3 Bg7 29. Qd2 h6 30. Qd3 b5 31. h3 f4 32. Bf3 fxg3 33. fxg3 Bc8 34. Kg2 Bf5 35. Qd1 Kh8 36. Rf1 Qa7 37. Qb3 Qxd4 38. Rd1 Qe3 39. Nxd5 Qxb3 40. axb3 Bxb2 41. b4 Be6 42. Nc7 Rxd1 43. Bxd1 Bc4 44. Nxa6 Be5 45. Bf3 Bd6 46. Nc5 Kg7 47. Kf2 Bxc5+ 48. bxc5 Kf6 49. Ke3 b4 50. Kd4 Be6 51. c6 Bxh3 52. g4 Ke7 53. Kc5 b3 54. c7 Kd7 55. Kb6 b2 56. Bc6+ Kd6 57. c8=Q b1=Q+ 58. Bb5 Qg1+ 59. Ka6 Qxg4 60. Qc6+ Ke5 61. Qxh6 Qe6+ 62. Qxe6+ Bxe6 63. Be2 Kf4 64. Kb6 Bg4 65. Bc4 Ke3 66. Kc5 Bf5 67. Kd5 g4 68. Ke5 Be4 69. Bf1 g3 70. Bh3 Bb7 0-1


[Site "https://www.chess.com"]

[Event "Titled Tuesday Blitz July 6 2021"]
[White "Akhvlediani, Irakli"]
[Black "Sawlin, Leonid"]
[WhiteFideId "13601938"]
[BlackFideId "4689542"]
[WhiteElo "2226"]
[BlackElo "2412"]
[Result "0-1"]
[Round "05"]
[TimeControl "180+1"]
[Date "2021.07.06"]
[WhiteClock "0:00:07"]
[BlackClock "0:00:15"]

1. Nf3 d5 2. c4 e6 3. e3 Nf6 4. b3 Be7 5. Bb2 O-O 6. Qc2 a5 7. Ng5 h6 8. h4 hxg5 9. hxg5 Ne4 10. Qd1 Bxg5 11. Qh5 f6 12. Be2 Bh6 13. d3 Nd6 14. Qg6 Nf5 15. g4 Ne7 16. Qh5 e5 17. cxd5 Nxd5 18. Nd2 Be6 19. Ne4 Bf7 20. Qh2 Nc6 21. g5 fxg5 22. O-O-O a4 23. Rdg1 axb3 24. a3 Bg6 25. Bg4 Qe7 26. Qh3 Nf6 27. Be6+ Bf7 28. Bxf7+ Rxf7 29. Nxg5 Rff8 30. Ne6 Kf7 31. Ng5+ Bxg5 32. Rxg5 Rh8 33. Qg2 Rxh1+ 34. Qxh1 Qf8 35. Qg2 Rxa3 36. f4 Ra2 37. fxe5 Nd5 38. Qxd5+ Ke8 39. Qe6+ Qe7 40. Qxe7+ Nxe7 41. Rxg7 Kd7 42. d4 Ke6 43. e4 c6 44. Kb1 Ra4 45. Rh7 Kd7 46. Rh6 c5 47. d5 Rxe4 48. Rd6+ Kc8 49. Ba3 Nf5 50. Re6 c4 51. Re8+ Kd7 52. d6 Kxe8 53. Bc5 Kd7 54. Kb2 Rxe5 55. Bb4 Rd5 56. Kc3 Nxd6 57. Kb2 Nb5 58. Ba5 Rd3 59. Bb4 Kc6 60. Ba5 b6 61. Be1 Re3 62. Bb4 Re2+ 63. Kb1 c3 64. Bxc3 Nxc3+ 65. Ka1 b2# 0-1


[Site "https://www.chess.com"]

[Event "Titled Tuesday Blitz July 6 2021"]
[White "Alavkin, Arseny"]
[Black "Rodchenkov, Vitaly"]
[WhiteFideId "4120612"]
[BlackFideId "4152964"]
[WhiteElo "2401"]
[BlackElo "2337"]
[Result "1-0"]
[Round "05"]
[TimeControl "180+1"]
[Date "2021.07.06"]
[WhiteClock "0:00:06"]
[BlackClock "0:00:03"]

1. d4 Nf6 2. Nf3 b6 3. g3 Bb7 4. Bg2 e6 5. O-O Be7 6. c4 O-O 7. Nc3 Na6 8. Re1 d5 9. cxd5 exd5 10. Bf4 Re8 11. Rc1 Bf8 12. Ne5 c5 13. e3 h6 14. h4 Nc7 15. dxc5 bxc5 16. Nd3 Ne6 17. Be5 Ne4 18. Nxe4 dxe4 19. Nf4 Nxf4 20. Bxf4 Qf6 21. Qb3 Ba6 22. Qc3 Qxc3 23. Rxc3 Bd3 24. b3 a5 25. Rd1 Ra7 26. Rdxd3 exd3 27. Rxd3 a4 28. Bd5 axb3 29. axb3 g6 30. Bc4 Kg7 31. Kg2 Be7 32. Be5+ Bf6 33. Bd6 Be7 34. Bf4 Rd8 35. Be5+ Kf8 36. Rc3 f6 37. Bf4 g5 38. hxg5 hxg5 39. Rc1 gxf4 40. gxf4 Rd2 41. Rg1 Raa2 42. Kf3 Rxf2+ 43. Ke4 Rg2 44. Rh1 Rh2 45. Rg1 Rag2 46. Ra1 Rd2 47. Rg1 Ke8 48. Kf5 Kd7 49. Ra1 Ra2 50. Rd1+ Kc7 51. Ke6 Bd8 52. Kf5 Rhd2 53. Rg1 Rac2 54. Be6 Rc3 55. e4 Rf2 56. Rg7+ Kb6 57. Bd5 Bc7 58. Kxf6 Rxf4+ 59. Ke6 Rf2 60. Rg8 Re3 61. Rh8 Rg3 62. Rh7 Rg6+ 63. Ke7 Bd6+ 64. Kd7 Bc7 65. Ke7 Rfg2 66. Rh8 Rg7+ 67. Ke6 R2g6+ 68. Kf5 Rg1 69. Ke6 Rf1 70. Rh6 Rg8 71. Kd7+ Ka7 72. Kxc7 Rg7+ 73. Kd6 Kb6 74. Rh8 Rf6+ 75. Ke5 Rfg6 76. Rb8+ Ka6 77. Ra8+ Kb5 78. Rc8 Kb4 79. Rb8+ Kc3 80. Rb5 Rg5+ 81. Kd6 R5g6+ 82. Ke5 Rg5+ 83. Kf4 Kd4 84. Rb8 Rg1 85. Kf5 Rf1+ 86. Ke6 Rg6+ 87. Kd7 Rg7+ 88. Kc6 Rg6+ 89. Kb5 Ra1 90. Rd8 Kc3 91. Bc4 Rg5 92. Rd3+ Kc2 93. Rd5 Re1 94. Rxg5 Rxe4 95. Rxc5 Rd4 96. b4 Kc3 97. Rc8 Re4 98. Rc5 Rf4 99. Bd5+ Kd4 100. Bc4 Rf1 101. Bxf1 1-0


[Site "https://www.chess.com"]

[Event "Titled Tuesday Blitz July 6 2021"]
[White "Andreikin, Dmitry"]
[Black "Khamrakulov, Djurabek"]
[WhiteFideId "4158814"]
[BlackFideId "14201143"]
[WhiteElo "2782"]
[BlackElo "2535"]
[Result "1-0"]
[Round "05"]
[TimeControl "180+1"]
[Date "2021.07.06"]
[WhiteClock "0:00:31"]
[BlackClock "0:00:02"]

1. e4 d5 2. exd5 Qxd5 3. Nc3 Qd8 4. d4 Nf6 5. Nf3 g6 6. Bf4 Bg7 7. Qd2 O-O 8. O-O-O a6 9. Bh6 b5 10. Bxg7 Kxg7 11. h4 Bg4 12. h5 Bxh5 13. Be2 b4 14. Na4 Qd5 15. c4 bxc3 16. Nxc3 Qa5 17. Ne5 Bxe2 18. Qh6+ Kg8 19. Nxe2 Qxa2 20. Nc3 Qe6 21. Ne4 Re8 22. Ng5 Qf5 23. Nxh7 Nbd7 24. Nxf6+ Qxf6 25. Qh7+ Kf8 26. Nxd7# 1-0


[Site "https://www.chess.com"]

[Event "Titled Tuesday Blitz July 6 2021"]
[White "Bartel, Michal"]
[Black "Plat, Vojtech"]
[WhiteFideId "1119257"]
[BlackFideId "325740"]
[WhiteElo "2271"]
[BlackElo "2486"]
[Result "1-0"]
[Round "05"]
[TimeControl "180+1"]
[Date "2021.07.06"]
[WhiteClock "0:00:26"]
[BlackClock "0:00:42"]

1. e4 c5 2. Ne2 Nc6 3. g3 g6 4. Bg2 Bg7 5. c3 Nf6 6. d4 cxd4 7. cxd4 O-O 8. Nbc3 d6 9. O-O Bg4 10. f3 Bd7 11. Be3 Rc8 12. Qd2 a6 13. Rac1 b5 14. b3 Re8 15. g4 Qa5 16. h3 h5 17. g5 Nh7 18. f4 b4 19. Nd1 Qb5 20. Nb2 Nf8 21. Nd3 a5 22. d5 Nb8 23. Nd4 Qb7 24. e5 Qa6 25. Kh2 Rxc1 26. Rxc1 Rc8 27. Rxc8 Qxc8 28. Qc2 Qxc2 29. Nxc2 Bf5 30. Nce1 Nbd7 31. exd6 exd6 32. Kg3 f6 33. h4 Kf7 34. Bh3 fxg5 35. fxg5 Bxh3 36. Kxh3 Ne5 37. Nxe5+ Bxe5 38. Bb6 Nd7 39. Bxa5 Ke7 40. Bxb4 Nb6 41. Nd3 Bd4 42. Nf4 Be3 43. Nxg6+ Kf7 44. Nh8+ Kg8 45. Ng6 Kf7 46. Nh8+ Kg8 47. Bxd6 Kxh8 48. Be5+ Kh7 49. d6 Kg6 50. a4 Bd2 51. Kg3 Nd7 52. Bf4 Kf5 53. Bxd2 1-0


[Site "https://www.chess.com"]

[Event "Titled Tuesday Blitz July 6 2021"]
[White "Bashirli, Saadat"]
[Black "Lopez Gracia, Fernando"]
[WhiteFideId "13429990"]
[BlackFideId "2207184"]
[WhiteElo "1153"]
[BlackElo "2388"]
[Result "0-1"]
[Round "05"]
[TimeControl "180+1"]
[Date "2021.07.06"]
[WhiteClock "0:00:36"]
[BlackClock "0:01:33"]

1. d4 Nf6 2. Bg5 g6 3. Bxf6 exf6 4. e4 Bg7 5. Nf3 O-O 6. Bd3 d5 7. O-O dxe4 8. Bxe4 f5 9. Bd3 Bxd4 10. Nc3 Bxc3 11. bxc3 Nd7 12. Bc4 Qf6 13. Qd2 Nc5 14. Nd4 b6 15. Rfe1 Bb7 16. f3 Rad8 17. Qf2 Na4 18. Ne2 Nxc3 19. Nxc3 Qxc3 20. Bb3 Rd2 21. Qg3 Bd5 22. Rad1 Bxb3 23. Rxd2 Qxd2 24. cxb3 Qxa2 25. b4 c5 26. bxc5 bxc5 27. Qd6 c4 28. Qd5 Qb3 29. Qd2 c3 30. Qd3 Rc8 31. Re7 Qb6+ 32. Kf1 c2 0-1


[Site "https://www.chess.com"]

[Event "Titled Tuesday Blitz July 6 2021"]
[White "Baskin, Robert"]
[Black "Ibrahimli, Murad"]
[WhiteFideId "24662402"]
[BlackFideId "13410229"]
[WhiteElo "2462"]
[BlackElo "2109"]
[Result "1-0"]
[Round "05"]
[TimeControl "180+1"]
[Date "2021.07.06"]
[WhiteClock "0:00:03"]
[BlackClock "0:00:09"]

1. d4 Nf6 2. c4 e6 3. g3 d5 4. Nf3 Be7 5. Bg2 O-O 6. O-O dxc4 7. Qc2 a6 8. a4 Bd7 9. Rd1 Bc6 10. Nc3 a5 11. e4 Na6 12. Ne5 Nb4 13. Qe2 Nd7 14. Nxc6 Nxc6 15. Qxc4 Nb6 16. Qd3 Nb4 17. Qe2 c6 18. Be3 Bg5 19. f4 Bf6 20. Rd2 Qc7 21. Rc1 Rad8 22. Bf2 Rd7 23. Rcd1 Rfd8 24. Qf3 Nc4 25. e5 Nxd2 26. Rxd2 Be7 27. Ne4 c5 28. Qg4 Kh8 29. Qh5 g6 30. Qh6 cxd4 31. Rd1 d3 32. g4 Qc2 33. Bf3 Bf8 34. Qh4 Bg7 35. Nf6 Bxf6 36. Qxf6+ Kg8 37. Be3 Nd5 38. Bxd5 Qxd1+ 39. Kg2 Qe2+ 40. Bf2 Rxd5 41. f5 Qxf2+ 42. Kxf2 d2 43. fxe6 Rf8 44. e7 Re8 45. e6 d1=N+ 46. Kg1 fxe6 47. Qxe6+ Kg7 48. Qxd5 Nxb2 49. Qe5+ Kf7 50. Qxb2 Rxe7 51. Qb5 Re1+ 52. Kf2 Re7 53. Qxa5 Rd7 54. Qc3 Ke7 55. a5 Ke6 56. Qc4+ Ke5 57. h4 Rf7+ 58. Qxf7 1-0


[Site "https://www.chess.com"]

[Event "Titled Tuesday Blitz July 6 2021"]
[White "Bluebaum, Matthias"]
[Black "Zubov, Alexander"]
[WhiteFideId "24651516"]
[BlackFideId "14109409"]
[WhiteElo "2685"]
[BlackElo "2740"]
[Result "0-1"]
[Round "05"]
[TimeControl "180+1"]
[Date "2021.07.06"]
[WhiteClock "0:00:03"]
[BlackClock "0:00:07"]

1. d4 Nf6 2. c4 g6 3. Nc3 d5 4. Bg5 Ne4 5. Bf4 Nxc3 6. bxc3 c5 7. e3 Bg7 8. Nf3 Nc6 9. cxd5 Qxd5 10. Be2 O-O 11. O-O cxd4 12. cxd4 Bf5 13. a3 Rac8 14. Rc1 Rfd8 15. Bc4 Qa5 16. Qb3 e6 17. Qxb7 Qxa3 18. Bb5 Ne7 19. Ra1 Qb4 20. Rxa7 Rd5 21. Ba6 Qxb7 22. Rxb7 Ra5 23. Rxe7 Rxa6 24. Ne5 f6 25. Nf3 g5 26. Bg3 h5 27. h3 Bd3 28. Re1 Bf8 29. Rb7 Rc2 30. Rb8 h4 31. Nxh4 gxh4 32. Bxh4 Kf7 33. Reb1 Rc7 34. R1b7 Ra7 35. Rxa7 Rxa7 36. Bg3 Be7 37. Kh2 Bf1 38. h4 Be2 39. e4 Rd7 40. Rb2 Bd3 41. f3 Rxd4 42. Rb7 e5 43. Bf2 Rc4 44. Kg3 f5 45. exf5 Bxf5 46. Be3 Ke6 47. Rb6+ Kd5 48. Bg5 Bd6 49. Rb5+ Kc6 50. Ra5 Bc7 51. Ra6+ Kd5 52. Rf6 Bd3 53. h5 e4+ 54. Bf4 e3 55. Bxc7 Rxc7 56. Rf8 Re7 57. Rd8+ Kc4 58. Rc8+ Kb3 59. Rc1 Kb2 60. Re1 Kc2 61. h6 Kd2 62. Ra1 e2 63. Kf4 e1=Q 64. Rxe1 Kxe1 65. g4 Kf2 66. g5 Rf7+ 67. Kg4 Rxf3 68. Kh5 Rh3+ 69. Kg4 Rh1 70. Kf4 Rg1 71. h7 Bxh7 72. Ke5 Rxg5+ 73. Kf6 Ra5 74. Ke7 Ra6 75. Ke8 Ra7 0-1


[Site "https://www.chess.com"]

[Event "Titled Tuesday Blitz July 6 2021"]
[White "Boidiya, Sidi"]
[Black "Ozen, Bahadir"]
[WhiteFideId "19600100"]
[BlackFideId "6337058"]
[WhiteElo "2113"]
[BlackElo "2503"]
[Result "1/2-1/2"]
[Round "05"]
[TimeControl "180+1"]
[Date "2021.07.06"]
[WhiteClock "0:01:06"]
[BlackClock "0:00:25"]

1. e4 c5 2. Nc3 d6 3. g3 Nc6 4. d3 Nf6 5. Bg2 g6 6. Be3 Bg7 7. h3 O-O 8. Qd2 Rb8 9. a4 a6 10. Nge2 b5 11. axb5 axb5 12. O-O b4 13. Nd1 Bb7 14. Bh6 Qc7 15. Bxg7 Kxg7 16. Ne3 Ra8 17. Rxa8 Rxa8 18. f4 Ra2 19. b3 Nd4 20. Nxd4 cxd4 21. Nc4 d5 22. exd5 Nxd5 23. Qf2 Ne3 24. Nxe3 dxe3 25. Qxe3 Bxg2 26. Kxg2 Qxc2+ 27. Rf2 Qc6+ 28. Qe4 Rxf2+ 29. Kxf2 Qc2+ 30. Kf3 Qd1+ 31. Ke3 Qe1+ 32. Kf3 Qf1+ 33. Ke3 Qxh3 34. Qe5+ Kg8 35. Qb8+ Kg7 36. Qe5+ Kh6 37. Qg5+ Kg7 38. Qe5+ 1/2-1/2


[Site "https://www.chess.com"]

[Event "Titled Tuesday Blitz July 6 2021"]
[White "Borisova, Ekaterina"]
[Black "Nitish Belurkar"]
[WhiteFideId "34124184"]
[BlackFideId "5084768"]
[WhiteElo "2021"]
[BlackElo "2306"]
[Result "0-1"]
[Round "05"]
[TimeControl "180+1"]
[Date "2021.07.06"]
[WhiteClock "0:00:19"]
[BlackClock "0:00:25"]

1. e4 d5 2. exd5 Nf6 3. Bb5+ Bd7 4. Bc4 Bg4 5. f3 Bf5 6. Nc3 Nbd7 7. d3 Nb6 8. Nge2 Nfxd5 9. g4 Nxc3 10. bxc3 Nxc4 11. gxf5 Nd6 12. Ng3 Qd7 13. Rb1 O-O-O 14. Qe2 Nxf5 15. Nxf5 Qxf5 16. Be3 a6 17. Rg1 h6 18. Rg4 e6 19. Rf4 Qh5 20. Kd2 Bd6 21. Rg4 g5 22. c4 Qxh2 23. Rg2 Qe5 24. d4 Qa5+ 25. Kc1 Ba3+ 26. Kd1 Rd7 27. Qd3 Rhd8 28. c3 Be7 29. Qe4 c5 30. Rgb2 Qxc3 31. Ke2 Qxc4+ 32. Kf2 Qd5 33. Qc2 c4 34. Rb6 Rc7 35. Qc3 f5 36. Rd1 f4 37. Bc1 Bc5 38. dxc5 Qxd1 39. Rxe6 Qd4+ 40. Qxd4 Rxd4 41. Ba3 c3 42. Re2 Ra4 43. Bc1 Rxc5 44. Rc2 b5 45. Ke2 Rd4 0-1


[Site "https://www.chess.com"]

[Event "Titled Tuesday Blitz July 6 2021"]
[White "Budiarti, Farah Yumna"]
[Black "Pohjala, Henri"]
[WhiteFideId "7107331"]
[BlackFideId "506478"]
[WhiteElo "2524"]
[BlackElo "2365"]
[Result "0-1"]
[Round "05"]
[TimeControl "180+1"]
[Date "2021.07.06"]
[WhiteClock "0:00:03"]
[BlackClock "0:00:06"]

1. d4 d5 2. Nf3 Nf6 3. c4 c6 4. g3 e6 5. Bg2 Nbd7 6. O-O Be7 7. Nc3 O-O 8. Qd3 b6 9. e4 dxe4 10. Nxe4 Bb7 11. Rd1 c5 12. d5 exd5 13. cxd5 Nxe4 14. Qxe4 Re8 15. Qc2 Bd6 16. Nd2 Bf8 17. Ne4 h6 18. d6 Qc8 19. h4 Bc6 20. Bf4 Qb7 21. f3 Rad8 22. a4 a6 23. a5 Bxe4 24. fxe4 Ne5 25. axb6 Bxd6 26. Rd5 Qxb6 27. Rad1 Bc7 28. Rxd8 Bxd8 29. Bxe5 Rxe5 30. Qc4 Bf6 31. Rd7 Qe6 32. Qxe6 Rxe6 33. Rb7 c4 34. Kf1 Rd6 35. Ke2 Be5 36. Bf3 Bxg3 37. h5 g6 38. Rc7 gxh5 39. Rxc4 h4 40. Rc5 h3 41. Rh5 h2 42. Rh3 Bf4 43. Bh5 Be5 44. b3 Rc6 45. Bf3 Rc1 46. Rh5 f6 47. Kd2 Ra1 48. Kd3 Kg7 49. Kc4 Rf1 50. Bg4 Rg1 51. Bf3 Rf1 52. Bg2 Rf2 53. Bh1 Rc2+ 54. Kd5 Rc1 55. Bg2 a5 56. Ke6 Rc6+ 57. Kf5 Rc3 58. Ke6 Rxb3 59. Bh1 Rb6+ 60. Kd7 Rb1 61. Bf3 a4 62. Rh3 a3 63. Bh5 a2 0-1


[Site "https://www.chess.com"]

[Event "Titled Tuesday Blitz July 6 2021"]
[White "Ciorgovean, Iustin"]
[Black "Vogel, Roven"]
[WhiteFideId "1242911"]
[BlackFideId "12908088"]
[WhiteElo "2075"]
[BlackElo "2516"]
[Result "1-0"]
[Round "05"]
[TimeControl "180+1"]
[Date "2021.07.06"]
[WhiteClock "0:00:24"]
[BlackClock "0:01:00"]

1. d4 Nf6 2. c4 g6 3. Nc3 Bg7 4. e4 d6 5. Nf3 O-O 6. Be2 Bg4 7. Be3 Nfd7 8. Ng1 Bxe2 9. Ngxe2 e5 10. O-O exd4 11. Bxd4 Nc6 12. Bxg7 Kxg7 13. Qd2 Nf6 14. Rad1 Ne5 15. b3 Qe7 16. Nf4 Rac8 17. Nfd5 Nxd5 18. Nxd5 Qh4 19. f4 Nc6 20. Qc3+ f6 21. b4 Rf7 22. Rd3 Re8 23. Re3 Ne7 24. Nxc7 Rc8 25. Ne6+ Kg8 26. Qd4 Nc6 27. Qxd6 Re8 28. b5 Na5 29. Qd5 Qh5 30. Nd8 Qxd5 31. exd5 Re4 32. Rxe4 1-0


[Site "https://www.chess.com"]

[Event "Titled Tuesday Blitz July 6 2021"]
[White "Dan-Lowes"]
[Black "Bakalchuk, Johnatan"]
[BlackFideId "2810301"]
[WhiteElo "2239"]
[BlackElo "2507"]
[Result "1-0"]
[Round "05"]
[TimeControl "180+1"]
[Date "2021.07.06"]
[WhiteClock "0:01:00"]
[BlackClock "0:00:02"]

1. e4 c6 2. d4 d5 3. e5 Bf5 4. h4 h5 5. Bd3 Bxd3 6. Qxd3 e6 7. Bg5 Qa5+ 8. Nd2 Qa6 9. c4 Nh6 10. Ne2 Nf5 11. O-O Nd7 12. Ng3 g6 13. Nxf5 gxf5 14. Qc2 Be7 15. Bxe7 Kxe7 16. cxd5 cxd5 17. Rac1 Rhg8 18. Qb3 Qa5 19. Nf3 Rac8 20. Ng5 Nb6 21. Qf3 Rh8 22. Rxc8 Nxc8 23. Rc1 Nb6 24. Rc7+ Nd7 25. Rxb7 Qa6 26. Qb3 Rc8 27. Qa3+ Qxa3 28. bxa3 Rc1+ 29. Kh2 Rc2 30. f3 a5 31. Nxf7 Rxa2 32. Rb3 a4 33. Rb7 Rxa3 34. Nd6 Ra1 35. Ra7 a3 36. Nb5 a2 37. Nc3 Rc1 38. Nxa2 Ra1 39. Ra6 Kd8 40. Nb4 Kc7 41. Rxa1 1-0


[Site "https://www.chess.com"]

[Event "Titled Tuesday Blitz July 6 2021"]
[White "De Silva, L M S T"]
[Black "Alekseenko, Kirill"]
[WhiteFideId "9953698"]
[BlackFideId "4135539"]
[WhiteElo "1621"]
[BlackElo "2580"]
[Result "0-1"]
[Round "05"]
[TimeControl "180+1"]
[Date "2021.07.06"]
[WhiteClock "0:02:07"]
[BlackClock "0:02:19"]

1. Nf3 d5 2. b3 c5 3. Bb2 f6 4. d3 e5 5. e4 Ne7 6. Nbd2 Nbc6 7. g3 Be6 8. Bg2 Qd7 9. O-O O-O-O 10. exd5 Nxd5 11. Ne4 Bh3 12. Nfd2 h5 13. Qf3 Bg4 14. Nxc5 Bxc5 15. Qxd5 Qxd5 16. Bxd5 Rxd5 17. Kg2 h4 18. h3 Be6 19. g4 Bd4 20. Bxd4 Nxd4 21. Ne4 Kb8 22. c3 Ne2 23. Rfd1 Nf4+ 0-1


[Site "https://www.chess.com"]

[Event "Titled Tuesday Blitz July 6 2021"]
[White "Deepan Chakkravarthy J."]
[Black "Zhigalko, Sergei"]
[WhiteFideId "5011132"]
[BlackFideId "13502956"]
[WhiteElo "2490"]
[BlackElo "2662"]
[Result "1/2-1/2"]
[Round "05"]
[TimeControl "180+1"]
[Date "2021.07.06"]
[WhiteClock "0:01:06"]
[BlackClock "0:00:22"]

1. e4 c5 2. Nf3 Nc6 3. Bb5 Nf6 4. Bxc6 dxc6 5. d3 Bg4 6. Nbd2 Nd7 7. h3 Bh5 8. g4 Bg6 9. Nf1 e6 10. Ng3 Bd6 11. Qe2 Qc7 12. Rg1 O-O-O 13. Bd2 f6 14. O-O-O Rhe8 15. Kb1 a5 16. a3 a4 17. h4 Bf7 18. Qe1 Kb8 19. Bc3 e5 20. g5 Nf8 21. h5 Ne6 22. h6 Nd4 23. Bxd4 cxd4 24. hxg7 Bg8 25. gxf6 Qf7 26. Nf5 Bxa3 27. bxa3 Qa2+ 28. Kc1 Bb3 29. Qe2 Qa1+ 30. Kd2 Qc3+ 31. Kc1 Qa1+ 32. Kd2 Qc3+ 33. Kc1 Qa1+ 1/2-1/2


[Site "https://www.chess.com"]

[Event "Titled Tuesday Blitz July 6 2021"]
[White "Dmitrenko, Viktor"]
[Black "Hryshchenko, Kamila"]
[WhiteFideId "14110270"]
[BlackFideId "14147491"]
[WhiteElo "2338"]
[BlackElo "1966"]
[Result "0-1"]
[Round "05"]
[TimeControl "180+1"]
[Date "2021.07.06"]
[WhiteClock "0:00:01"]
[BlackClock "0:00:25"]

1. e4 d5 2. exd5 Qxd5 3. Nc3 Qe5+ 4. Be2 Bg4 5. d4 Bxe2 6. Ngxe2 Qa5 7. O-O Nf6 8. Bf4 Nc6 9. d5 O-O-O 10. a3 Nxd5 11. Qc1 Nxf4 12. Qxf4 f6 13. b4 Qe5 14. Qf3 e6 15. Rfe1 Bd6 16. Ng3 Nd4 17. Qd3 Qg5 18. Nce4 Qg6 19. Nxd6+ Rxd6 20. Qxg6 hxg6 21. Rac1 Nb5 22. Ne4 Rc6 23. c4 Nxa3 24. Rc3 f5 25. Nc5 b6 26. Nxe6 Re8 27. Rxa3 Rcxe6 28. Rxe6 Rxe6 29. h4 Re4 30. Rxa7 Rxc4 31. Ra8+ Kb7 32. Rg8 Rxh4 33. Rxg7 Rxb4 34. Rxg6 Rg4 35. Rf6 Rg5 36. f4 Rh5 37. g3 b5 38. Kg2 b4 39. Kf3 c5 40. Rd6 Kc7 41. Rd1 Kc6 42. g4 fxg4+ 43. Kxg4 Rh8 44. f5 c4 0-1


[Site "https://www.chess.com"]

[Event "Titled Tuesday Blitz July 6 2021"]
[White "Dobrov, Vladimir"]
[Black "Devaev, Alexander"]
[WhiteFideId "4136594"]
[BlackFideId "4169395"]
[WhiteElo "2614"]
[BlackElo "2185"]
[Result "1-0"]
[Round "05"]
[TimeControl "180+1"]
[Date "2021.07.06"]
[WhiteClock "0:01:54"]
[BlackClock "0:00:01"]

1. d4 Nf6 2. c4 e6 3. Nf3 c5 4. d5 exd5 5. cxd5 d6 6. Nc3 g6 7. Bf4 a6 8. e4 Bg7 9. Qa4+ Bd7 10. Qb3 Bc8 11. a4 O-O 12. Be2 Qc7 13. Nd2 Re8 14. O-O Nbd7 15. h3 h6 16. Bh2 Rb8 17. Nc4 Bf8 18. Bd3 b6 19. f4 b5 20. axb5 axb5 21. Nxb5 Rxb5 22. Qxb5 Nxe4 23. f5 gxf5 24. Rxf5 Re7 25. Re1 Ndf6 26. Rff1 Bd7 27. Qb6 1-0


[Site "https://www.chess.com"]

[Event "Titled Tuesday Blitz July 6 2021"]
[White "Erdogdu, Mert"]
[Black "LEGENYA1998"]
[WhiteFideId "6301495"]
[WhiteElo "2485"]
[BlackElo "2462"]
[Result "1-0"]
[Round "05"]
[TimeControl "180+1"]
[Date "2021.07.06"]
[WhiteClock "0:01:09"]
[BlackClock "0:01:30"]

1. e4 d5 2. exd5 Qxd5 3. Nc3 Qa5 4. d4 Nf6 5. Nf3 Bg4 6. h3 Bxf3 7. Qxf3 c6 8. Bd3 e6 9. Bd2 Qc7 10. O-O-O Nbd7 11. g4 Nd5 12. Ne4 b5 13. g5 Be7 14. h4 N7b6 15. h5 f5 16. gxf6 gxf6 17. Kb1 O-O-O 18. Rhe1 Rhe8 19. h6 Nb4 20. Bxb4 Bxb4 21. c3 Be7 22. Nxf6 Rf8 23. Rxe6 Nd7 24. Rxc6 1-0


[Site "https://www.chess.com"]

[Event "Titled Tuesday Blitz July 6 2021"]
[White "Fernandez, Michael"]
[Black "Arabidze, Meri"]
[WhiteFideId "5803560"]
[BlackFideId "13604040"]
[WhiteElo "2110"]
[BlackElo "2432"]
[Result "0-1"]
[Round "05"]
[TimeControl "180+1"]
[Date "2021.07.06"]
[WhiteClock "0:00:12"]
[BlackClock "0:00:40"]

1. c4 e6 2. g3 d5 3. Bg2 Nf6 4. Nf3 dxc4 5. O-O Nbd7 6. b3 cxb3 7. axb3 Be7 8. Qc2 O-O 9. e4 h6 10. d4 a5 11. Ba3 c6 12. Rd1 Nb6 13. Bxe7 Qxe7 14. Na3 a4 15. Nc4 axb3 16. Qxb3 Rxa1 17. Rxa1 Nxc4 18. Qxc4 Nxe4 19. Ne5 Nd6 20. Qb4 Nf5 21. Qc3 Rd8 22. Ra8 Bd7 23. Ra7 Qd6 24. Rxb7 Nxd4 25. Qe3 Be8 26. Nc4 Qc5 27. Nb6 Qc2 28. h4 Nf5 29. Qf4 Rd4 30. Qb8 Rd1+ 31. Kh2 Qxf2 32. Qxe8+ Kh7 33. Qb8 Rd2 34. Kh3 Qxg2+ 35. Kg4 Qe2+ 36. Kh3 h5 37. Qa8 Qg2# 0-1


[Site "https://www.chess.com"]

[Event "Titled Tuesday Blitz July 6 2021"]
[White "Fiol, Fabrice"]
[Black "Alavi, Sayed Javad"]
[WhiteFideId "611670"]
[BlackFideId "12500607"]
[WhiteElo "2464"]
[BlackElo "2495"]
[Result "0-1"]
[Round "05"]
[TimeControl "180+1"]
[Date "2021.07.06"]
[WhiteClock "0:00:01"]
[BlackClock "0:00:06"]

1. e4 e5 2. Nf3 Nc6 3. Bc4 Nf6 4. d3 Bc5 5. c3 d6 6. Bb3 O-O 7. Nbd2 h6 8. h3 Be6 9. Qe2 d5 10. g4 a5 11. Rg1 a4 12. Bc2 dxe4 13. dxe4 Nd7 14. g5 hxg5 15. Nxg5 Qf6 16. Ndf3 Rad8 17. Be3 Bxe3 18. Qxe3 Nb6 19. Nxe6 fxe6 20. Qg5 Nc4 21. b3 Na3 22. Bd1 Rd7 23. Qxf6 Rxf6 24. Rg3 axb3 25. axb3 Nb5 26. Rc1 Rd3 27. c4 Nbd4 28. Nxd4 Rxg3 29. fxg3 Nxd4 30. b4 b6 31. c5 b5 32. Rc3 c6 33. Ra3 Kh7 34. h4 Kg6 35. Ra8 Rf7 36. Rd8 Ra7 37. g4 Ra3 38. Rg8 Rh3 39. h5+ Kg5 40. Rxg7+ Kf4 41. g5 Ke3 42. Kf1 Rh1+ 43. Kg2 Rxd1 44. h6 Nf3 45. g6 Rg1+ 46. Kh3 Rh1+ 47. Kg3 Rxh6 48. Rg8 Ng5 49. g7 Rg6 50. Kg4 Nxe4+ 51. Kh5 Rg1 52. Kh6 Nc3 53. Re8 Rxg7 54. Kxg7 Kd4 55. Rxe6 e4 56. Rxc6 e3 57. Re6 Ne4 58. c6 e2 59. Rxe4+ Kxe4 60. c7 e1=Q 61. c8=Q Qxb4 62. Qe6+ Kd3 63. Qh3+ Kc2 64. Qg2+ Kb3 65. Kf7 Qc4+ 66. Ke8 b4 67. Kd7 Ka3 68. Qa8+ Kb2 69. Qb7 b3 70. Qa7 Qd3+ 71. Kc6 Qc4+ 72. Kd6 Kb1 0-1


[Site "https://www.chess.com"]

[Event "Titled Tuesday Blitz July 6 2021"]
[White "Gabrielian, Artur"]
[Black "Piesik, Piotr"]
[WhiteFideId "4131002"]
[BlackFideId "1136194"]
[WhiteElo "2523"]
[BlackElo "2354"]
[Result "1-0"]
[Round "05"]
[TimeControl "180+1"]
[Date "2021.07.06"]
[WhiteClock "0:01:29"]
[BlackClock "0:01:07"]

1. e4 g6 2. d4 Bg7 3. Nc3 c6 4. Nf3 d6 5. h3 Nf6 6. Be3 O-O 7. Qd2 Nbd7 8. a4 Qc7 9. a5 Rb8 10. Be2 b5 11. axb6 axb6 12. O-O b5 13. b4 Nb6 14. Rfe1 Be6 15. Bh6 Bc4 16. Bxg7 Kxg7 17. Bd3 e5 18. Ne2 Rfe8 19. Ng3 h6 20. c3 Bxd3 21. Qxd3 Nc4 22. Nh4 Ng8 23. Rf1 Ra8 24. Rxa8 Rxa8 25. f4 exd4 26. cxd4 Ra3 27. Nhf5+ gxf5 28. Nxf5+ Kh7 29. Qe2 Ne7 30. Qh5 Nxf5 31. Qxf5+ Kg7 32. Qg4+ Kf8 33. Qh4 Qe7 34. Qxh6+ Ke8 35. e5 Qe6 36. Qh8+ Kd7 37. f5 Qd5 38. e6+ Ke7 39. f6+ 1-0


[Site "https://www.chess.com"]